 Dungeon Crawl Stone Soup version 0.28.0-53-g5a82cb258f (webtiles) character file.

Game seed: 15388340466899179511

112 ZappyNine the Insei (level 4, -1/34 HPs)
             Began as a Merfolk Transmuter on June 3, 2022.
             Slain by a steam dragon (2 damage)
             ... on level 4 of the Dungeon.
             The game lasted 00:04:00 (1908 turns).

ZappyNine the Insei (Merfolk Transmuter)            Turns: 1908, Time: 00:04:00

Health: -1/34      AC:  3    Str: 10 (12) XL:     4   Next: 95%
Magic:  4/7        EV: 13    Int: 10 (12) God:
Gold:   230        SH:  0    Dex: 12 (14) Spells: 1/7 levels left

rFire   . . .      SeeInvis .     - Unarmed
rCold   . . .      Faith    .   (no shield)
rNeg    . . .      Spirit   .   a - +0 robe
rPois   .          Reflect  .   (helmet currently unavailable)
rElec   .          Harm     .   p - +0 cloak
rCorr   .          Rampage  .   (no gloves)
Will    .....                   (boots currently unavailable)
Stlth   +.........              k - amulet of regeneration
HPRegen 0.91/turn               (no ring)
MPRegen 0.10/turn               (no ring)

@: appendages (expiring), wereblooded
A: horns 2, (nimble swimmer 2), mertail
a: End Transformation


You were on level 4 of the Dungeon.
You had temporarily grown beastly horns.
You visited 1 branch of the dungeon, and saw 4 of its levels.

You collected 230 gold pieces.

Inventory:

Armour
 a - a +0 robe (worn)
 p - a +0 cloak (worn)
Jewellery
 e - an amulet of the acrobat
 k - an amulet of regeneration (around neck)
 o - a ring of positive energy
Wands
 n - a wand of paralysis (6)
Scrolls
 b - a scroll of enchant armour {unknown}
 d - 3 scrolls of teleportation {unknown}
 i - 2 scrolls of magic mapping {unknown}
 l - a scroll of noise {unknown}
Potions
 f - a potion of degeneration
 g - a potion of lignification {unknown}
 h - a potion of resistance {unknown}
 j - 2 potions of brilliance {unknown}
 m - a potion of haste {unknown}


   Skills:
 - Level 2.3 Fighting
 - Level 3.7 Dodging
 - Level 4.6 Unarmed Combat
 + Level 2.1 Spellcasting
 + Level 3.0 Transmutations
 * Level 1.1 Poison Magic


You had one spell level left.
You knew the following spells:

 Your Spells              Type           Power      Damage    Failure   Level
a - Beastly Appendage     Tmut           14%        N/A       9%          1
b - Wereblood             Tmut           7%         N/A       14%         2
c - Spider Form           Tmut/Pois      5%         N/A       36%         3

Your spell library contained the following spells:

 Spells                   Type           Power      Damage    Failure   Level
 Ice Form                 Ice/Tmut       4%         N/A       86%         4


Dungeon Overview and Level Annotations

Branches:
Dungeon (4/15)
 Temple: D:4-7

Altars:
Elyvilon


Innate Abilities, Weirdness & Mutations

You have temporarily grown beastly horns.
((You are very nimble when in or above water. (Stealth+, EV+, Speed+++)))
Your lower body shifts to a powerful aquatic tail in water.


Message History

You hit the goblin. You headbutt the goblin.
The goblin is severely wounded.
The goblin hits you with a +0 dagger.
You hit the goblin.
You feel a bit better.
You kill the goblin!
You punch the centaur skeleton!
The centaur skeleton is severely damaged.
The centaur skeleton hits you. The centaur skeleton kicks you.
The steam dragon breathes steam at you.
The ball of steam hits the ball python!
The ball python dies!
The ball of steam hits you!
You hear a shout!
You howl as the wereblood boils in your veins!
You are engulfed in a cloud of scalding steam.
The steam dragon breathes steam at you. The ball of steam misses you.
You feel much better.
You are engulfed in a cloud of scalding steam.
Your transformation is almost over.
The steam dragon barely misses you. x2
You barely miss the steam dragon.
You howl as the wereblood boils in your veins!
The steam dragon breathes steam at you. The ball of steam misses you.
You hit the steam dragon. You headbutt the steam dragon.
Your punch misses the steam dragon.
The steam dragon is lightly wounded.
You howl as the wereblood boils in your veins!
You are engulfed in a cloud of scalding steam.
The steam dragon bites you. The steam dragon claws you.
You hit the steam dragon. Your headbutt misses the steam dragon.
The steam dragon is moderately wounded.
You are engulfed in a cloud of scalding steam.
* * * LOW HITPOINT WARNING * * *
A worm comes into view.
The steam dragon bites you!
* * * LOW HITPOINT WARNING * * *
The steam dragon claws you.
You die... .#. . #.# ###.# #.# ....# #.# .#..# wZ.

# ....# #g###..##
....# #oO.g.... ....#
#D# ...## #@# ...# #§#
.#.# ######§# ...#
#....#§###############
####
#.##.#...............#
#.##.###############.#
#.##.............# #.#
#.##############.# #.#
###########.# #.###.#


You could see a steam dragon, an ogre, a worm (wandering), an orc, a goblin and
a centaur skeleton.

Vanquished Creatures
  An iguana (D:4)
  Ijyb (D:3)
  3 orcs (D:3)
  4 ball pythons
  5 bats
  8 endoplasms
  2 giant cockroaches
  6 goblins
  8 hobgoblins
  2 jackals (D:3)
  3 kobolds
  A frilled lizard (D:1)
  4 rats (D:3)
48 creatures vanquished.

Vanquished Creatures (others)
  A ball python (D:4)
1 creature vanquished.

Grand Total: 49 creatures vanquished

Notes
Turn   | Place    | Note
-------+----------+-------------------------------------------
     0 | D:1      | ZappyNine the Merfolk Transmuter began the quest for the
                  | Orb.
     0 | D:1      | Reached XP level 1. HP: 15/15 MP: 3/3
     2 | D:1      | Noticed a draconian
     2 | D:1      | Noticed a tengu
     4 | D:1      | Noticed a naga
     4 | D:1      | Noticed a minotaur
     6 | D:1      | Noticed an ogre
     8 | D:1      | Noticed a formicid
     8 | D:1      | Noticed a spriggan
    10 | D:1      | Noticed a human
    10 | D:1      | You fall into a shaft and drop 1 floor!
    38 | D:2      | Found a faded altar of an unknown god.
   207 | D:2      | Reached XP level 2. HP: 21/21 MP: 5/5
   280 | D:2      | Learned a level 2 spell: Wereblood
   482 | D:1      | Noticed a felid
   484 | D:1      | Noticed a ghoul
   486 | D:1      | Noticed an elf
   486 | D:1      | Noticed a demonspawn
   488 | D:1      | Noticed a dwarf
   488 | D:1      | Noticed a merfolk
   543 | D:1      | Reached XP level 3. HP: 21/27 MP: 6/6
   546 | D:1      | Reached skill level 4 in Unarmed Combat
  1066 | D:3      | Noticed Ijyb
  1082 | D:3      | Killed Ijyb
  1083 | D:3      | Reached XP level 4. HP: 28/33 MP: 4/7
  1757 | D:4      | Learned a level 3 spell: Spider Form
  1783 | D:4      | Found a white marble altar of Elyvilon.
  1799 | D:4      | Reached skill level 1 in Poison Magic
  1892 | D:4      | Noticed a steam dragon
  1899 | D:4      | Noticed an ogre
  1908 | D:4      | HP: 1/34 [steam dragon (10)]
  1908 | D:4      | Slain by a steam dragon

Illustrated notes

Levels and vault maps discovered:
D:1:      kb_arrival_jail, layout_rooms
D:2:      layout_basic, hellmonk_ecumenical_altar_lost_god
D:3:      layout_loops_ring, minivault_26, uniq_ijyb
D:4:      layout_basic, elyvilon_altar_5, minmay_temple_entry_sparse_star,
          corexii_corridor_pit, minmay_manual_maat

Skill      XL: |  1  2  3  4 |
---------------+-------------+-----
Dodging        | 3 |  3.7
Unarmed Combat | 4 |  4.6
Fighting       | 2 |  2.3
Poison Magic   | 1 |  1.1
Transmutations | 3 |  3.0
Spellcasting   | |  2.1

Action                   |  1- 3 |  4- 6 || total
-------------------------+-------+-------++-------
Melee: Unarmed           |    72 |    61 ||   133
       Headbutt          |     7 |    12 ||    19
       Punch             |     3 |     4 ||     7
 Cast: Beastly Appendage |    10 |    15 ||    25
       Wereblood         |     2 |     1 ||     3
  Use: Potion            |       |     3 ||     3
 Stab: Sleeping          |       |     1 ||     1
Armor: Robe              |    19 |    16 ||    35
Dodge: Dodged            |    44 |    44 ||    88
